AoeStats
← 只会打步弓

Arabia

510283126Analyzed
1v1 RM · 1d ago on Sep 30, 2026· 48m 0s· 2 players
Game mode
Random Map
Map size
Tiny (2 player)
Population
200
Speed
Normal
Resources
Standard
Victory
Conquest
Starting age
Dark Age
Ending age
Imperial Age
RankedLock teamsTeams togetherTeam positionsShared explorationLock speedFull tech treeHidden civsTurbo modeCheats
Victory
Defeat
🇨🇳 Mapuche · China
1948
+22
🇮🇹 Mongols · Italy
2084
-22
OS+ | 青田龙
5:51 Loom
8:56 Feudal Age
10:48 Double-Bit Axe
11:54 Horse Collar
21:13 Castle Age
19:25 Gold Mining
19:36 Fletching
21:26 Crossbowman
22:05 Bodkin Arrow
23:24 Padded Archer Armor
23:58 Bow Saw
24:28 Wheelbarrow
24:24 Elite Skirmisher
26:27 Leather Archer Armor
28:48 Ballistics
36:40 Imperial Age
36:58 Husbandry
37:09 Bloodlines
37:04 Town Watch
38:16 Masonry
38:12 Bracer
39:34 Conscription
39:54 Hoardings
41:19 Chemistry
40:23 Stone Mining
41:58 Siege Engineers
42:44 Light Cavalry
44:05 Hand Cart
只会打步弓
8:21 Loom
10:27 Feudal Age
11:02 Double-Bit Axe
11:28 Town Watch
13:58 Horse Collar
14:55 Fletching
20:17 Castle Age
18:31 Gold Mining
20:00 Padded Archer Armor
20:56 Bodkin Arrow
21:29 Leather Archer Armor
23:07 Ballistics
23:11 Bow Saw
25:19 Heavy Plow
25:54 Stone Mining
28:10 Wheelbarrow
36:00 Imperial Age
35:37 Malon
36:28 Elite Bolas Rider
37:49 Gold Shaft Mining
38:55 Ring Archer Armor
39:31 Chemistry
40:29 Conscription
46:16 Masonry
48:02 Stone Shaft Mining
Connection lost

Rejoining the realm…

Still unreachable

The connection could not be restored.

Session expired

The server has moved on; the page needs a fresh start.